 Dungeon Sprint DCSS version 0.23.2-1-ga50397a (webtiles) character file.

Game seed: 17620115763065277852

436 whitewolfNL the Ruffian (level 6, -3/68 HPs)
             Began as a Troll Berserker on May 22, 2019.
             Was a Believer of Trog.
             Slain by Sonja
             ... wielding a +2 short sword of distortion
              (7 damage)
             ... in the Dungeon (Sprint I: "Red Sonja").
             The game lasted 00:02:24 (322 turns).

whitewolfNL the Ruffian (Troll Berserker)            Turns: 322, Time: 00:02:25

Health: -3/68      AC:  8    Str: 26    XL:     6   Next: 69%
Magic:  5/5        EV: 12    Int:  3    God:    Trog [**....]
Gold:   309        SH:  0    Dex: 11    Spells: 5/5 levels left

rFire    . . .     SeeInvis .     - Unarmed
rCold    . . .     Gourm    +   (no shield)
rNeg     . . .     Faith    .   g - +2 robe {MR+}
rPois    .         Spirit   .   (helmet restricted)
rElec    .         Reflect  .   (no cloak)
rCorr    .         Harm     .   (gloves unavailable)
MR       +....     NoTele   +   (boots unavailable)
Stlth    +.........             (no amulet)
HPRegen  0.61/turn              (no ring)
MPRegen  0.09/turn              (no ring)

@: lethally poisoned (-3 -> -11), starving, slowed, very slow
A: large, unfitting armour, claws 3, fast metabolism 3, gourmand, regeneration
1, shaggy fur 1, tough skin 3
a: Berserk, Trog's Hand, Renounce Religion


You were in the Dungeon.
You worshipped Trog.
Trog was pleased with you.
You were starving.

You visited 1 branch You collected 309 gold pieces.

Inventory:

Hand Weapons
 j - a cursed +0 giant spiked club
Armour
 a - a +0 animal skin
 g - a +2 robe of magic resistance (worn)
Scrolls
 h - a scroll of blinking
 l - a scroll of fear {unknown}
Potions
 e - a potion of haste
 f - 2 potions of magic
 i - a potion of ambrosia {unknown}
Comestibles
 b - 2 rations
 k - 4 chunks of flesh


   Skills:
 + Level 6.5 Fighting
 * Level 7.1 Maces & Flails
 + Level 6.5 Dodging
 - Level 7.1 Unarmed Combat


You had 5 spell levels left.
You didn't know any spells.
Your spell library was empty.

Dungeon Overview and Level Annotations

Branches:
Dungeon (1/1)

Altars:
Cheibriados
Dithmenos
Elyvilon
Fedhas
Gozag
Hepliaklqana
Kikubaaqudgha
Nemelex Xobeh
Okawaru
Qazlal
Ru
Sif Muna
Trog
Uskayaw
Vehumet
Wu Jian
Yredelemnul
Zin
The Shining One

Shops:
D [

Annotations:
D Sonja


Innate Abilities, Weirdness & Mutations

You are too large for most types of armour.
You have claws for hands.
Your metabolism is lightning-fast.
You like to eat raw meat.
Your natural rate of healing is unusually fast.
You are covered in fur. (AC +1)
You have extremely tough skin. (AC +3)


Message History

Sonja shoots a curare-tipped needle.
The curare-tipped needle hits you.
You are more poisoned.
You have difficulty breathing.
You feel as though you will be slow longer.
You feel very sick.
Sonja unwields a +0 blowgun.
Sonja wields a +2 short sword of distortion.
Its appearance distorts for a moment.
Sonja hits you but does no damage. x2
Space warps horribly around you!
* * * LOW HITPOINT WARNING * * *
Sonja hits you but does no damage. Space bends around you.
* * * LOW HITPOINT WARNING * * *
You see here a curare-tipped needle.
You claw Sonja! Your claw misses Sonja.
Sonja is heavily wounded.
* * * LOW HITPOINT WARNING * * *
You feel very sick.
Sonja drinks a potion.
Sonja is healed!
Sonja hits you with a +2 short sword of distortion!
You die...

#..').#..'..#..+
#..#####'#####'#
#..####..#...#.#
#..#__####..##[#
#..#_____##'#_.+
#⌠⌠#_.∩...÷.(._#
####_..__##_(#'#
#_____###K#.#
#########@###


+$($+ #$.$# ##(## #+# You could see Sonja.

Vanquished Creatures
  Sigmund (D)
  A yak (D)
  An ogre (D)
  A jelly (D)
  Ijyb (D)
5 creatures vanquished.

Notes
Turn   | Place    | Note
-------+----------+-------------------------------------------
     0 | D        | whitewolfNL the Troll Berserker began the quest for the
                  | Orb.
     0 | D        | Reached XP level 1. HP: 22/22 MP: 0/0
     1 | D        | Noticed Ijyb
    33 | D        | Killed Ijyb
    33 | D        | Reached skill level 5 in Unarmed Combat
    33 | D        | Reached XP level 2. HP: 17/31 MP: 1/1
    64 | D        | Noticed an ogre
    69 | D        | Killed an ogre
    69 | D        | Reached XP level 3. HP: 14/40 MP: 2/2
    69 | D        | Reached XP level 4. HP: 17/49 MP: 3/3
   136 | D        | Noticed Sigmund
   149 | D        | Killed Sigmund
   149 | D        | Reached ** piety under Trog
   149 | D        | Reached skill level 5 in Fighting
   149 | D        | Reached skill level 5 in Maces & Flails
   149 | D        | Reached skill level 5 in Dodging
   149 | D        | Reached XP level 5. HP: 25/59 MP: 4/4
   149 | D        | Reached XP level 6. HP: 28/67 MP: 5/5
   230 | D        | Found an ornate altar of the Wu Jian Council.
   230 | D        | Found a deep blue altar of Sif Muna.
   232 | D        | Found a radiant altar of Vehumet.
   267 | D        | Found Yteq's Antique Armour Emporium.
   267 | D        | Found an ancient bone altar of Kikubaaqudgha.
   267 | D        | Found a hazy altar of Hepliaklqana.
   267 | D        | Found a stormy altar of Qazlal.
   267 | D        | Found a hide-covered altar of Uskayaw.
   267 | D        | Found a blossoming altar of Fedhas.
   267 | D        | Found a bloodstained altar of Trog.
   267 | D        | Found an iron altar of Okawaru.
   267 | D        | Found a basalt altar of Yredelemnul.
   267 | D        | Found a glowing golden altar of the Shining One.
   267 | D        | Found a snail-covered altar of Cheibriados.
   267 | D        | Found a sacrificial altar of Ru.
   267 | D        | Found a glowing silver altar of Zin.
   267 | D        | Found a shadowy altar of Dithmenos.
   267 | D        | Found a white marble altar of Elyvilon.
   267 | D        | Noticed a yak
   272 | D        | Killed a yak
   273 | D        | Found an opulent altar of Gozag.
   276 | D        | Found a sparkling altar of Nemelex Xobeh.
   313 | D        | Noticed Sonja
   322 | D        | Slain by Sonja

Skill      XL: |  1  2  3  4  5  6 |
---------------+-------------------+-----
Fighting       | 3 4 5 6 |  6.5
Dodging        | 3 4 5 6 |  6.5
Unarmed Combat | 5 7 |  7.1
Maces & Flails | 5 7 |  7.1

Action                   |  1- 3 |  4- 6 || total
-------------------------+-------+-------++-------
Melee: Unarmed           |    35 |    20 ||    55
       Punch             |     1 |     2 ||     3
Invok: Berserk           |     1 |     1 ||     2
  Use: Potion            |       |     2 ||     2
 Stab: Sleeping          |       |     1 ||     1
Armor: Animal skin       |     2 |     1 ||     3
       Robe              |       |     2 ||     2
Dodge: Dodged            |     9 |    11 ||    20
